 Dungeon Crawl Stone Soup: Circus Animals version 1.7-37-g2c94cca (webtiles) character file.

8345 DarthKuruptios the Cleaver (level 16, -5/221 HPs) *EASY*
             Began as a Minotaur Berserker on Aug 19, 2016.
             Was the Champion of Trog.
             Slain by an ettin
             ... wielding a +2 dire flail of protection
              (24 damage)
             ... on level 5 of the Orcish Mines.
             The game lasted 01:13:53 (22416 turns).

DarthKuruptios the Cleaver (Minotaur Berserker)    Turns: 22416, Time: 01:13:53

Health: -5/221     AC: 21    Str: 26    XL:     16   Next: 35%
Magic:  75/75      EV:  8    Int:  7    God:    Trog [******]
Gold:   3454       SH:  8    Dex: 15    Spells: 0 memorised, 15 levels left

rFire  + . .     rPois    .     b - +10 war axe of Distant Worlds {freeze, *Rage rElec Int+3}
rCold  . . .     rElec    +     d - +1 plate armour
rNeg   . . .     rCorr    .     r - +2 buckler MagicSh . . . SeeInvis +
                                (helmet restricted) StaminaSh . . . Faith .
                                k - +0 cloak RegenHP +++++.....
SustAt .                        e - +0 pair of gloves RegenSP ++++...... Dismiss .
                                (no boots) RegenMP +++....... Reflect +
                                u - +2 amulet of reflection
MR     +....     Harm     .     m - ring of Gluttony {*Tele rF+ SP+25 SInv}
Stlth  .......... Rnd*Rage +    n - +2 ring of strength Rnd*Tele +

@: quick, quick, somewhat resistant to hostile enchantments, extremely
unstealthy
A: retaliatory headbutt, horns 2
a: Berserk, Trog's Hand, Brothers in Arms, Burn Spellbooks, Renounce Religion


You were on level 5 of the Orcish Mines.
You worshipped Trog.
Trog was exalted by your worship.
You were not hungry.

You visited 4 branches of the dungeon, and saw 20 of its levels.
You also visited: Ossuary.

You collected 3799 gold pieces.
You spent 345 gold pieces at shops.

Inventory:

Hand Weapons
 a - a +1 hand axe
 b - the +10 war axe of Distant Worlds (weapon) {freeze, *Rage rElec Int+3}
   (Trog gifted it to you on level 1 of the Lair of Beasts)

   It has been specially enchanted to freeze those struck by it, causing extra
   injury to most foes and up to half again as much damage against particularly
   susceptible opponents.
   It can also slow down cold-blooded creatures.
   It affects your intelligence (+3).
   It insulates you from electricity.
   It may make you go berserk in combat.
 l - a +0 war axe of flaming
 p - a +6 antimagic executioner's axe
 v - a +2 executioner's axe of chopping
Armour
 d - a +1 plate armour (worn)
 e - a +0 pair of gloves (worn)
 h - a +0 fire dragon armour
 k - a +0 cloak (worn)
 q - the +0 chain mail of Prudence {rPois rCorr MP+25 Dex+2}
   (You bought it in a shop on level 7 of the Dungeon)

   It affects your dexterity (+2).
   It protects you from poison.
   It affects your magic capacity (+25).
   It protects you from acid and corrosion.
 r - a +2 buckler (worn)
Jewellery
 c - a +4 ring of intelligence
 f - an uncursed ring of resist corrosion
 j - the ring "Kaunif" {Fire Dex+2}
   (You found it on level 4 of the Dungeon)

   [ring of fire]

   It enhances your fire magic, and weakens your ice magic.
   It affects your dexterity (+2).
   It protects you from fire.
   It makes you vulnerable to cold.
 m - the ring of Gluttony (right hand) {*Tele rF+ SP+25 SInv}
   (You found it on level 7 of the Dungeon)

   [ring of teleportation]

   It may teleport you next to monsters.
   It protects you from fire.
   It affects your stamina capacity (+25).
   It lets you see invisible.
 n - a +2 ring of strength (left hand)
 o - an uncursed ring of protection from cold
 u - a +2 amulet of reflection (around neck)
Wands
 i - a wand of digging (32/43)
 s - a wand of heal wounds (1/6)
 t - a wand of paralysis (12/24)
 w - a wand of polymorph (7/24)
Scrolls
 e - 5 scrolls of noise
 g - 9 scrolls of teleportation
 i - 3 scrolls of enchant armour
 j - 2 scrolls of vulnerability
 k - 7 scrolls of immolation
 p - 2 scrolls of fear
 r - a scroll of identify
 s - 4 scrolls of magic mapping
 t - a scroll of fog
 u - 5 scrolls of enchant weapon
 w - 3 scrolls of remove curse
 y - 2 scrolls of holy word
 B - a scroll of blinking
 D - a scroll of recharging
Potions
 a - 7 potions of heal wounds
 b - 28 potions of stamina
 c - 10 potions of magic
 d - 10 potions of curing
 f - 7 potions of cancellation
 h - 8 potions of mutation
 l - 8 potions of might
 m - 10 potions of agility
 n - 2 potions of resistance
 o - 4 potions of flight
 q - 7 potions of haste
 v - 5 potions of lignification
 x - 5 potions of ambrosia
 z - 7 potions of brilliance
 A - 2 potions of cure mutation
 C - 3 potions of invisibility
 E - 2 potions of berserk rage
 F - a potion of beneficial mutation {unknown}
Miscellaneous
 g - a disc of storms


   Skills:
 + Level 12.1 Fighting
 + Level 12.4 Axes
 + Level 11.8 Armour
 + Level 10.8 Dodging


You had 15 spell levels left.
You didn't know any spells.

Dungeon Overview and Level Annotations

Branches:
Dungeon (7/7)                 Elf (0/4) Orc:3           Geh (0/7) Hell
   Lair (7/7) D:7             Orc (5/7) Lair:7       Shoals (0/4) Lair:3
  Snake (0/4) Lair:6       Spider (0/4) Orc:2         Swamp (0/4) Lair:6
   Hell (1/1)
    Coc: Hell:1         Dis: Hell:1       Dwarf: Orc:2-6        Tar: Hell:1

Altars:
Elyvilon
Fedhas
Kikubaaqudgha
Makhleb
Ru
Sif Muna
Trog
Xom
Yredelemnul
Zin
The Shining One
Beogh
Jiyva

Shops:
D:7 [   Orc:4 *

Portals:
Hell: Lair:7

Annotations:
Hell Geryon


Innate Abilities, Weirdness & Mutations

You reflexively headbutt those who attack you in melee.
You have a pair of horns on your head.


Message History

The ettin barely misses you. You block the ettin's attack.
The ettin hits you with a dire flail of protection!! (hp-28)
* * * LOW HITPOINT WARNING * * *; The ettin hits you with a dire flail!!
You were prevented from receiving too much damage! (18 -> 16)
* * * LOW HITPOINT WARNING * * *; The stone giant completely misses you.
You furiously retaliate!
You headbutt the stone giant. (mon hp-4)
You block the orc warrior's attack.
You are too injured to fight recklessly!
You are too injured to fight recklessly!
You are too injured to fight recklessly!
You are too injured to fight recklessly!
You hit the ettin. (mon hp-3)
You freeze the ettin. (mon hp-1)
You slash the ettin! (mon hp-14)
You freeze the ettin.
You kill the ettin!
Trog accepts your kill.
You hit the stone giant. (mon hp-5)
You freeze the stone giant. (mon hp-1)
You block the stone giant's attack.
The ettin hits you with a dire flail of protection! (hp-13)
* * * LOW HITPOINT WARNING * * *; The ettin hits you with a dire flail!! (hp-24)
You die...

.....#......#..
...............
..............
........$...#
............#
...........##
#O.....)C)..#...
.......)@)o....#
#
.......C[)......
#
.....#....###...
. ...$.....## .
# ........## .
......... #
##....#.# .
.....### # .


You could see a stone giant, an ettin, a two-headed ogre (wandering) and an orc
warrior.

Vanquished Creatures
  An orc warlord (Orc:4)
  Maud (Lair:5)
  2 balrugs (Hell)
  2 reapers (Hell)
  2 lorocyprocas (Hell)
  An ettin (Orc:5)
  A green death (Hell)
  15 hydras
  Snorg (Lair:7)
  3 catoblepae
  5 death yaks (Lair:6)
  6 hell hogs (Hell)
  A soul eater (Hell)
  Nergalle (Lair:2)
  An orc high priest (Orc:5)
  6 sun demons
  A fire crab (Lair:6)
  A wizard (Lair:7)
  An iron dragon zombie (Hell)
  A necromancer (Hell)
  8 griffons
  3 orc sorcerers
  2 oklob plants
  4 orc knights
  A cyclops (Orc:4)
  26 elephants
  A siren (Lair:3)
  A sixfirhy (Lair:7)
  2 orange demons (Lair:7)
  18 black mambas
  2 rust devils (Hell)
  13 spiny frogs
  A smoke demon (Lair:7)
  A demonic crawler (Hell)
  7 komodo dragons
  5 ice devils (Lair:7)
  8 rime drakes
  Psyche (Orc:2)
  2 trolls
  2 red devils (Lair:7)
  6 polar bears
  3 meliai (Orc:3)
  A queen bee (Orc:3)
  37 blink frogs
  2 spriggans
  55 yaks
  14 hippogriffs
  A hydra simulacrum (Hell)
  8 fire elementals
  6 humans (D:7)
  4 basilisks
  5 wyverns
  An ettin simulacrum (Hell)
  2 snapping turtle zombies (Hell)
  5 vampire mosquitoes (Lair:6)
  8 wargs
  A black bear (D:6)
  13 water moccasins
  11 ogres
  A necrophage (D:7)
  14 crocodiles
  13 porcupines
  25 orc warriors
  15 wolves
  A wasp (Lair:2)
  A centaur (D:5)
  19 giant frogs
  2 scorpions
  A wyvern skeleton (D:7)
  2 centaur zombies (Ossuary)
  19 killer bees
  2 electric eels
  2 lava snakes
  3 hounds
  3 howler monkeys
  6 jellies
  20 orc priests
  33 orc wizards
  10 giant geckos
  3 iguanas
  185 orcs
  67 sheep
  10 worker ants
  21 adders
  A bat zombie (D:2)
  4 crimson imps
  8 giant cockroaches
  9 gnolls
  18 hobgoblins
  An iron imp (Hell)
  7 jackals
  9 mummies (Ossuary)
  3 quokkas
  37 river rats
  6 shadow imps
  2 adder zombies
  4 ball pythons
  A ball python skeleton (D:4)
  A ball python zombie (Ossuary)
  24 bats
  A giant gecko zombie (Ossuary)
  10 giant newts
  13 goblins
  3 hound zombies (Ossuary)
  A jackal skeleton (D:4)
  A killer bee zombie (Ossuary)
  11 kobolds
  An ooze (D:1)
  A quokka zombie (Ossuary)
  17 rats
  2 rat zombies (D:2)
  3 worker ant zombies
  5 worms
  3 fungi
  8 plants
1037 creatures vanquished.

Vanquished Creatures (collateral kills)
  A hydra (Lair:7)
  A griffon (Lair:7)
  An orc sorcerer (Orc:4)
  An elephant (Lair:7)
  A black mamba (Lair:7)
  A hungry ghost (D:7)
  2 orc warriors (Orc:4)
  An orc priest (Orc:4)
  6 orcs (Orc:4)
  A sheep (Lair:7)
  A worker ant (D:7)
  2 gnolls (D:7)
19 creatures vanquished.

Vanquished Creatures (others)
  A reaper (Hell)
  2 hell hogs (Hell)
  3 sun demons (Hell)
  A hellion (Hell)
  A fire elemental (Hell)
  2 orc warriors (Orc:4)
  5 orcs
  7 fungi
  2 plants
24 creatures vanquished.

Grand Total: 1080 creatures vanquished

Notes
Turn   | Place    | Note
-------+----------+-------------------------------------------
     0 | D:1      | DarthKuruptios the Minotaur Berserker began the quest for the Orb.
     0 | D:1      | Reached XP level 1. HP: 39/39 MP: 75/75
   265 | D:1      | Reached XP level 2. HP: 51/51 MP: 75/75
   379 | D:1      | Reached XP level 3. HP: 63/63 MP: 75/75
   413 | D:1      | Reached ** piety under Trog
  1055 | D:1      | Reached XP level 4. HP: 76/76 MP: 75/75
  1337 | D:1      | Reached *** piety under Trog
  1495 | D:2      | Found a sacrificial altar of Ru.
  1692 | D:2      | Found an ancient bone altar of Kikubaaqudgha.
  1979 | D:2      | Reached skill level 5 in Fighting
  2079 | D:2      | Found a glowing silver altar of Zin.
  2247 | D:3      | Reached **** piety under Trog
  2429 | D:3      | Reached XP level 5. HP: 88/88 MP: 75/75
  2903 | D:3      | Reached ***** piety under Trog
  3384 | D:4      | Got a vibrating bone ring
  3393 | D:4      | Identified the ring "Kaunif" {Fire Dex+2} (You found it on level 4 of the Dungeon)
  4101 | D:4      | Found a shimmering altar of Xom.
  4101 | D:4      | Found a faded altar of an unknown god.
  4102 | D:4      | Found a viscous altar of Jiyva.
  4102 | D:4      | Found a faded altar of an unknown god.
  4555 | D:5      | Entered Level 5 of the Dungeon
  4930 | D:5      | Reached skill level 5 in Axes
  5284 | D:5      | Found a deep blue altar of Sif Muna.
  6019 | D:6      | Reached XP level 6. HP: 98/100 MP: 75/75
  6468 | D:6      | Received a gift from Trog
  6554 | D:6      | Found a glowing golden altar of the Shining One.
  6559 | D:6      | Found a white marble altar of Elyvilon.
  6562 | D:6      | Found a basalt altar of Yredelemnul.
  6580 | D:6      | Found a blossoming altar of Fedhas.
  6963 | D:7      | Entered Level 7 of the Dungeon
  6974 | D:7      | Reached ****** piety under Trog
  7006 | D:7      | Reached XP level 7. HP: 83/112 MP: 75/75
  7036 | D:7      | Found a sand-covered staircase.
  7048 | Ossuary  | Entered an ossuary
  7542 | D:7      | Found a staircase to the Lair.
  7608 | D:7      | Got a faintly glowing bone ring
  7610 | D:7      | Identified the ring of Gluttony {*Tele rF+ SP+25 SInv} (You found it on level 7 of the Dungeon)
  7883 | D:7      | Found Ytuplekao's Antique Armour Shoppe.
  7894 | D:7      | Bought a sapphire-encrusted chain mail for 199 gold pieces
  7894 | D:7      | Bought a runed buckler for 94 gold pieces
  7905 | D:7      | Identified the +0 chain mail of Prudence {rPois rCorr MP+25 Dex+2} (You bought it in a shop on level 7 of the Dungeon)
  8044 | D:7      | Reached XP level 8. HP: 121/121 MP: 75/75
  8062 | Lair:1   | Entered Level 1 of the Lair of Beasts
  8277 | Lair:1   | Received a gift from Trog
  8280 | Lair:1   | Got an iridescent war axe {god gift}
  8281 | Lair:1   | Identified the +10 war axe of Distant Worlds {freeze, *Rage rElec Int+3} (Trog gifted it to you on level 1 of the Lair of Beasts)
  8305 | Lair:1   | Reached XP level 9. HP: 113/133 MP: 75/75
  8323 | Lair:1   | Reached skill level 5 in Armour
  8772 | Lair:2   | Noticed Nergalle
  8781 | Lair:2   | Killed Nergalle
  8781 | Lair:2   | Reached skill level 5 in Dodging
  9367 | Lair:2   | Noticed a spriggan rider
  9615 | Lair:2   | Reached XP level 10. HP: 126/145 MP: 75/75
  9617 | Lair:2   | Found a basalt altar of Yredelemnul.
 10462 | Lair:3   | Noticed a two-headed hydra
 10485 | Lair:3   | Killed an 18-headed hydra
 11720 | Lair:3   | Found a staircase to the Shoals.
 12271 | Lair:4   | Reached XP level 11. HP: 151/160 MP: 75/75
 12319 | Lair:4   | Received a gift from Trog
 12442 | Lair:4   | Noticed a two-headed hydra
 12457 | Lair:4   | Killed an eight-headed hydra
 13273 | Lair:4   | Noticed a two-headed hydra
 13287 | Lair:4   | Killed a nine-headed hydra
 13287 | Lair:4   | Reached XP level 12. HP: 172/172 MP: 75/75
 13577 | Lair:5   | Received a gift from Trog
 13706 | Lair:5   | Noticed Maud
 13725 | Lair:5   | Killed Maud
 14997 | Lair:6   | Reached XP level 13. HP: 152/184 MP: 75/75
 15494 | Lair:6   | Found a staircase to the Swamp.
 15510 | Lair:6   | Received a gift from Trog
 15868 | Lair:6   | Reached XP level 14. HP: 179/197 MP: 25/75
 15901 | Lair:6   | Found a staircase to the Snake Pit.
 15979 | Lair:6   | Reached skill level 10 in Axes
 16289 | Lair:6   | Received a gift from Trog
 16318 | Lair:6   | Reached skill level 10 in Fighting
 16957 | Lair:7   | Entered Level 7 of the Lair of Beasts
 17276 | Lair:7   | Found a staircase to the Orcish Mines.
 17404 | Lair:7   | Reached skill level 10 in Armour
 17458 | Lair:7   | Noticed Snorg
 17467 | Lair:7   | Killed Snorg
 17515 | Lair:7   | Received a gift from Trog
 17903 | Lair:7   | Reached XP level 15. HP: 206/208 MP: 25/75
 18912 | Lair:7   | Found a burning altar of Makhleb.
 18944 | Lair:7   | Found a gateway to Hell.
 18992 | Hell     | Entered the Vestibule of Hell
 18992 | Hell     | Noticed Geryon
 19002 | Hell     | Found a gateway to the ashen valley of Gehenna.
 19005 | Hell     | Reached skill level 10 in Dodging
 19011 | Hell     | Received a gift from Trog
 19054 | Hell     | Reached XP level 16. HP: 169/221 MP: 3/75
 19282 | Orc:1    | Entered Level 1 of the Orcish Mines
 19464 | Orc:1    | Received a gift from Trog
 19712 | Orc:1    | Found a roughly hewn altar of Beogh.
 20646 | Orc:2    | Received a gift from Trog
 20894 | Orc:2    | Found a bloodstained altar of Trog.
 20937 | Orc:2    | Found a hole to the Spider Nest.
 20940 | Orc:2    | Noticed Psyche
 20946 | Orc:2    | Killed Psyche
 21334 | Orc:3    | Received a gift from Trog
 21365 | Orc:3    | Found a roughly hewn altar of Beogh.
 21519 | Orc:3    | Found a staircase to the Elven Halls.
 22067 | Orc:4    | Paralysed by an orc sorcerer for 7 turns
 22094 | Orc:4    | Received a gift from Trog
 22167 | Orc:4    | Found Xiacyamm's Assorted Antiques.
 22187 | Orc:4    | Bought a scroll of identify for 52 gold pieces
 22407 | Orc:5    | Received a gift from Trog
 22416 | Orc:5    | HP: 19/221 [ettin/dire flail of protection (13)]
 22416 | Orc:5    | Slain by an ettin

Skill      XL: |  1  2  3  4  5  6  7  8  9 10 11 12 13 14 15 16 |
---------------+-------------------------------------------------+-----
Fighting       | 5 6 7 8 9 10 11 12 | 12.1
Armour         | 3 4 5 6 7 8 9 10 11 | 11.8
Dodging        | 3 4 5 6 7 8 9 10 | 10.8
Axes           | 5 6 7 8 9 10 12 | 12.4

Action                   |  1- 3 |  4- 6 |  7- 9 | 10-12 | 13-15 | 16-18 || total
-------------------------+-------+-------+-------+-------+-------+-------++-------
Melee: Hand axe          |    82 |   272 |       |       |       |       ||   354
       Headbutt          |    11 |    76 |    62 |    70 |   131 |    52 ||   402
       War axe           |       |   194 |   328 |   369 |    97 |   206 ||  1194
       Unarmed           |       |       |     2 |       |       |       ||     2
       Executioner's axe |       |       |       |       |   517 |   109 ||   626
Invok: Burn Spellbooks   |       |     1 |     1 |       |     2 |       ||     4
       Trog's Hand       |       |       |     4 |       |     2 |     1 ||     7
       Brothers in Arms  |       |       |     1 |       |     1 |     1 ||     3
       Berserk           |       |       |     1 |     3 |     5 |     1 ||    10
Evoke: Wand              |       |       |       |     1 |     3 |     9 ||    13
  Use: Scroll            |       |    18 |     7 |     4 |     1 |     4 ||    34
       Potion            |       |       |       |       |     5 |     1 ||     6
 Stab: Sleeping          |     2 |       |     2 |       |       |       ||     4
Armor: Animal skin       |     4 |       |       |       |       |       ||     4
       Plate armour      |     6 |   103 |   194 |   287 |   888 |   117 ||  1595
       Fire dragon armou |       |    78 |       |       |    50 |    59 ||   187
Dodge: Dodged            |    67 |   238 |   196 |   222 |   755 |   257 ||  1735
Block: Buckler           |       |       |    40 |   125 |    24 |    75 ||   264
       Reflection        |       |       |       |       |       |     7 ||     7
